YL
LANE COVE FLAMES @ HURSTVILLE SLUGGERS
07/29/2022
 
TOP OF THE 1ST
Lane Cove Flames batting - Pitching for Hurstville Sluggers : LHP Lonnie Johnston
Pitching: LHP Lonnie Johnston
Batting: LHB Dylan Hokulani 0-0: Called Strike
0-1: Foul Ball, location: 7LDF
0-2: Foul Ball, location: 3F
0-2: Strikes out swinging
Batting: RHB Zayne Freegard 0-0: Ball
1-0: Foul Ball, location: 2F
1-1: Fly out, F7 (Line Drive, 7S, EV 90.0 MPH)
Batting: LHB O.D. Inions 0-0: Called Strike
0-1: Swinging Strike
0-2: Ball
1-2: Ball
2-2: Foul Ball, location: 23FF
2-2: Ball
3-2: Ground out 6-3 (Groundball, 6, EV 93.8 MPH)
Top of the 1st over - 0 runs, 0 hits, 0 errors, 0 left on base; Lane Cove 0 - Hurstville 0
BOTTOM OF THE 1ST
Hurstville Sluggers batting - Pitching for Lane Cove Flames : RHP Reece Smyth
Pitching: RHP Reece Smyth
Batting: RHB Steve Spalton 0-0: Called Strike
0-1: Swinging Strike
0-2: Ground out 4-3 (Groundball, 4, EV 91.9 MPH)
Batting: RHB Matt Tebbutt 0-0: Called Strike
0-1: Ball
1-1: Ground out 3-1 (Groundball, 34, EV 103.8 MPH)
Batting: SHB Louie Benney 0-0: Ball
1-0: Fly out, F8 (Flyball, 8LD, EV 74.4 MPH)
Bottom of the 1st over - 0 runs, 0 hits, 0 errors, 0 left on base; Lane Cove 0 - Hurstville 0
TOP OF THE 2ND
Lane Cove Flames batting - Pitching for Hurstville Sluggers : LHP Lonnie Johnston
Batting: RHB Rudy Abercrombie 0-0: Fly out, F7 (Flyball, 78S, EV 85.0 MPH)
Batting: RHB Devin Nicolau 0-0: Ball
1-0: Foul Ball, location: 7LSF
1-1: Ball
2-1: Ball
3-1: Base on Balls
Batting: RHB Liam Scarborough 0-0: Grounds into double play, 5-4-3 (Groundball, 5, EV 106.3 MPH)
Top of the 2nd over - 0 runs, 0 hits, 0 errors, 0 left on base; Lane Cove 0 - Hurstville 0
BOTTOM OF THE 2ND
Hurstville Sluggers batting - Pitching for Lane Cove Flames : RHP Reece Smyth
Batting: RHB Lorne Freer 0-0: Called Strike
0-1: Foul Ball, location: 9LDF
0-2: Foul Ball, location: 7LDF
0-2: Reached on error, E3 (Groundball, 34S, EV 85.6 MPH)
Batting: SHB Denis Parrish 0-0: Ball
Lorne Freer steals 2nd base
1-0: Ball
2-0: Called Strike
2-1: Ball
3-1: Foul Ball, location: 2F
3-2: Strikes out looking
Batting: RHB Austen Woods 0-0: Ball
1-0: Ball
2-0: Fly out, F9 (Line Drive, 89M, EV 100.0 MPH)
Batting: LHB Gareth Coate 0-0: Fly out, F7 (Flyball, 7, EV 98.8 MPH)
Bottom of the 2nd over - 0 runs, 0 hits, 1 error, 1 left on base; Lane Cove 0 - Hurstville 0
TOP OF THE 3RD
Lane Cove Flames batting - Pitching for Hurstville Sluggers : LHP Lonnie Johnston
Batting: RHB Corkie Shoebotham 0-0: Ball
1-0: Foul Ball, location: 2F
1-1: Ball
2-1: Foul Ball, location: 9LSF
2-2: Strikes out looking
Batting: RHB Gerard Crump 0-0: Foul Ball, location: 3DF
0-1: Called Strike
0-2: Foul Ball, location: 25F
0-2: Foul Ball, location: 9LSF
0-2: Ground out 6-3 (Groundball, 6, EV 84.4 MPH)
Batting: SHB Hari Allan 0-0: Foul Ball, location: 23F
0-1: Fly out, F5 (Line Drive, 5L, EV 72.5 MPH)
Top of the 3rd over - 0 runs, 0 hits, 0 errors, 0 left on base; Lane Cove 0 - Hurstville 0
BOTTOM OF THE 3RD
Hurstville Sluggers batting - Pitching for Lane Cove Flames : RHP Reece Smyth
Batting: RHB Denis Cranfield 0-0: Ball
1-0: Called Strike
1-1: Called Strike
1-2: Strikes out swinging
Batting: RHB Jim Unknown 0-0: Called Strike
0-1: Ball
1-1: Fly out, F9 (Flyball, 9, EV 83.1 MPH)
Batting: RHB Steve Spalton 0-0: Ball
1-0: Ball
2-0: Ball
3-0: Called Strike
3-1: Foul Ball, location: 5F
3-2: Base on Balls
Batting: RHB Matt Tebbutt 0-0: Called Strike
Steve Spalton is caught stealing 2nd base 2-4
Bottom of the 3rd over - 0 runs, 0 hits, 0 errors, 0 left on base; Lane Cove 0 - Hurstville 0
TOP OF THE 4TH
Lane Cove Flames batting - Pitching for Hurstville Sluggers : LHP Lonnie Johnston
Batting: LHB Dylan Hokulani 0-0: Ball
1-0: Foul Ball, location: 2F
1-1: Called Strike
1-2: Ball
2-2: Ball
3-2: Fly out, F5 (Popup, 5, EV 54.4 MPH)
Batting: RHB Zayne Freegard 0-0: Ball
1-0: Called Strike
1-1: Called Strike
1-2: Ball
2-2: Fly out, F8 (Flyball, 8RD, EV 94.4 MPH)
Batting: LHB O.D. Inions 0-0: Ball
1-0: SINGLE (Groundball, 56D, EV 100.0 MPH)
Batting: RHB Rudy Abercrombie 0-0: Called Strike
0-1: Ball
1-1: Ball
2-1: Ball
3-1: Called Strike
3-2: Foul Ball, location: 2F
3-2: Fly out, F3 (Popup, 3F, EV 60.6 MPH)
Top of the 4th over - 0 runs, 1 hit, 0 errors, 1 left on base; Lane Cove 0 - Hurstville 0
BOTTOM OF THE 4TH
Hurstville Sluggers batting - Pitching for Lane Cove Flames : RHP Reece Smyth
Batting: RHB Matt Tebbutt 0-0: Called Strike
0-1: Ball
1-1: Swinging Strike
1-2: Foul Ball, location: 3F
1-2: Foul Ball, location: 5F
1-2: Ball
2-2: Ground out 4-3 (Groundball, 4, EV 66.9 MPH)
Batting: SHB Louie Benney 0-0: Foul Ball, location: 5F
0-1: Ball
1-1: Foul Ball, location: 2F
1-2: Ball
2-2: SINGLE (Groundball, 6MD, EV 108.1 MPH)
Batting: RHB Lorne Freer 0-0: Ball
1-0: DOUBLE (Groundball, 5L, EV 100.6 MPH)
Louie Benney to third
Runner from 3rd tries for Home, SAFE, throw by LF to trailing runner, SAFE at third!
Batting: SHB Denis Parrish 0-0: Intentional Walk
Batting: RHB Austen Woods 0-0: Ball
1-0: Called Strike
1-1: Swinging Strike
1-2: Strikes out swinging
Batting: LHB Gareth Coate 0-0: Ball
1-0: Ground out 4-3 (Groundball, 4, EV 98.8 MPH)
Bottom of the 4th over - 1 run, 2 hits, 0 errors, 2 left on base; Lane Cove 0 - Hurstville 1
TOP OF THE 5TH
Lane Cove Flames batting - Pitching for Hurstville Sluggers : LHP Lonnie Johnston
Batting: RHB Devin Nicolau 0-0: Called Strike
0-1: Ball
1-1: Ball
2-1: Called Strike
2-2: Strikes out swinging
Batting: RHB Liam Scarborough 0-0: Ball
1-0: Ball
2-0: Ground out 5-3 (Groundball, 5, EV 105.0 MPH)
Batting: RHB Corkie Shoebotham 0-0: Foul Ball, location: 2F
0-1: Foul Ball, location: 9LDF
0-2: Strikes out swinging
Top of the 5th over - 0 runs, 0 hits, 0 errors, 0 left on base; Lane Cove 0 - Hurstville 1
BOTTOM OF THE 5TH
Hurstville Sluggers batting - Pitching for Lane Cove Flames : RHP Reece Smyth
Batting: RHB Denis Cranfield 0-0: Called Strike
0-1: Foul Ball, location: 2F
0-2: Ball
1-2: Ball
2-2: SINGLE (Line Drive, 7LS, EV 102.5 MPH)
Batting: RHB Jim Unknown 0-0: Called Strike
Denis Cranfield is caught stealing 2nd base 2-4
0-1: Ball
1-1: Foul Ball, location: 2F
1-2: Strikes out swinging
Batting: RHB Steve Spalton 0-0: Called Strike
0-1: Ball
1-1: Ball
2-1: Foul Ball, location: 23F
2-2: Foul Ball, location: 2F
2-2: SINGLE (Line Drive, 56D, EV 96.9 MPH)
Batting: RHB Matt Tebbutt 0-0: Ground out 5-3 (Groundball, 56S, EV 70.0 MPH)
Bottom of the 5th over - 0 runs, 2 hits, 0 errors, 1 left on base; Lane Cove 0 - Hurstville 1
TOP OF THE 6TH
Lane Cove Flames batting - Pitching for Hurstville Sluggers : LHP Lonnie Johnston
Batting: RHB Gerard Crump 0-0: Ball
1-0: Called Strike
1-1: Foul Ball, location: 3DF
1-2: Strikes out swinging
Batting: SHB Hari Allan 0-0: Foul Ball, location: 25F
0-1: Ground out 5-3 (Groundball, 56, EV 68.8 MPH)
Batting: LHB Dylan Hokulani 0-0: Swinging Strike
0-1: Swinging Strike
0-2: Foul Ball, location: 25FF
0-2: Ball
1-2: Strikes out swinging
Top of the 6th over - 0 runs, 0 hits, 0 errors, 0 left on base; Lane Cove 0 - Hurstville 1
BOTTOM OF THE 6TH
Hurstville Sluggers batting - Pitching for Lane Cove Flames : RHP Reece Smyth
Batting: SHB Louie Benney 0-0: Ball
1-0: Fly out, F7 (Flyball, 7, EV 87.5 MPH)
Batting: RHB Lorne Freer 0-0: Ball
1-0: Ball
2-0: Swinging Strike
2-1: Ball
3-1: Ground out 5-3 (Groundball, 56S, EV 81.9 MPH)
Batting: SHB Denis Parrish 0-0: Ball
1-0: Ball
2-0: Ball
3-0: Base on Balls
Batting: RHB Austen Woods 0-0: Called Strike
0-1: Swinging Strike
0-2: Ball
1-2: Ball
2-2: Strikes out swinging
Bottom of the 6th over - 0 runs, 0 hits, 0 errors, 1 left on base; Lane Cove 0 - Hurstville 1
TOP OF THE 7TH
Lane Cove Flames batting - Pitching for Hurstville Sluggers : LHP Lonnie Johnston
Batting: RHB Zayne Freegard 0-0: Swinging Strike
0-1: Swinging Strike
0-2: Foul Ball, location: 7LSF
0-2: Foul Ball, location: 2F
0-2: Strikes out looking
Batting: LHB O.D. Inions 0-0: Called Strike
0-1: Swinging Strike
0-2: Foul Ball, location: 5F
0-2: Strikes out looking
Batting: RHB Rudy Abercrombie 0-0: Ball
1-0: Ball
2-0: Ball
3-0: Foul Ball, location: 9LSF
3-1: Base on Balls
Batting: RHB Devin Nicolau 0-0: Called Strike
0-1: Ball
1-1: Called Strike
1-2: Strikes out swinging
Top of the 7th over - 0 runs, 0 hits, 0 errors, 1 left on base; Lane Cove 0 - Hurstville 1
BOTTOM OF THE 7TH
Hurstville Sluggers batting - Pitching for Lane Cove Flames : RHP Reece Smyth
Batting: LHB Gareth Coate 0-0: Ground out 5-3 (Groundball, 56, EV 89.4 MPH)
Batting: RHB Denis Cranfield 0-0: Ball
1-0: Called Strike
1-1: Foul Ball, location: 2F
1-2: Strikes out swinging
Batting: RHB Jim Unknown 0-0: Ball
1-0: Fly out, F9 (Flyball, 89D, EV 93.1 MPH)
Bottom of the 7th over - 0 runs, 0 hits, 0 errors, 0 left on base; Lane Cove 0 - Hurstville 1
TOP OF THE 8TH
Lane Cove Flames batting - Pitching for Hurstville Sluggers : LHP Lonnie Johnston
Batting: RHB Liam Scarborough 0-0: Swinging Strike
0-1: Foul Ball, location: 9LSF
0-2: Strikes out looking
Batting: RHB Corkie Shoebotham 0-0: Ball
1-0: Ball
2-0: Foul Ball, location: 5FF
2-1: Ball
3-1: Base on Balls
Pinch Hitting: RHB Chris Raw 0-0: Ball
1-0: Ball
2-0: Called Strike
2-1: Ball
3-1: Swinging Strike
3-2: Strikes out swinging
Pitching: LHP Bill Heugh
Batting: LHB Sammy Holden 0-0: Called Strike
0-1: Called Strike
0-2: Foul Ball, location: 5F
0-2: Ball
1-2: Foul Ball, location: 7LSF
1-2: Fielders Choice at 2nd, 5-4 (Groundball, 5L, EV 107.5 MPH)
Top of the 8th over - 0 runs, 0 hits, 0 errors, 1 left on base; Lane Cove 0 - Hurstville 1
BOTTOM OF THE 8TH
Hurstville Sluggers batting - Pitching for Lane Cove Flames : RHP Reece Smyth
Now in LF: John Rose
Batting: RHB Steve Spalton 0-0: Foul Ball, location: 9LSF
0-1: Ball
1-1: Ground out 4-3 (Groundball, 4, EV 85.6 MPH)
Batting: RHB Matt Tebbutt 0-0: Ball
1-0: Ball
2-0: Ball
3-0: Called Strike
3-1: Called Strike
3-2: Ground out 6-3 (Groundball, 6, EV 84.4 MPH)
Batting: SHB Louie Benney 0-0: Ball
1-0: Ball
2-0: Ball
3-0: Foul Ball, location: 2F
3-1: SINGLE (Flyball, 4D, EV 89.4 MPH)
Pitching: RHP Lionel Flux
Batting: RHB Lorne Freer 0-0: Ball
1-0: Ball
2-0: Called Strike
2-1: Swinging Strike
2-2: Ball
3-2: Strikes out swinging
Bottom of the 8th over - 0 runs, 1 hit, 0 errors, 1 left on base; Lane Cove 0 - Hurstville 1
TOP OF THE 9TH
Lane Cove Flames batting - Pitching for Hurstville Sluggers : LHP Bill Heugh
Pitching: LHP Daniel Cartridge
Now in LF: Gareth Coate
Now in CF: Daniel Revill
Pinch Hitting: RHB Alan Carylyon 0-0: Ball
1-0: Foul Ball, location: 9LSF
1-1: Foul Ball, location: 2F
1-2: SINGLE (Groundball, 34D, EV 100.6 MPH)
Batting: RHB Zayne Freegard 0-0: Bunt missed!
0-1: Bunted foul
0-2: Foul Ball, location: 2F
0-2: Foul Ball, location: 5FF
0-2: Strikes out swinging
Batting: LHB O.D. Inions 0-0: SINGLE (Groundball, 4S, EV 70.0 MPH) (infield hit)
Alan Carylyon to second
Batting: RHB Rudy Abercrombie 0-0: Ball
1-0: Foul Ball, location: 9LMF
1-1: Called Strike
1-2: Strikes out swinging
Batting: RHB Devin Nicolau 0-0: Ball
1-0: Ball
2-0: Foul Ball, location: 2F
2-1: Ball
3-1: Called Strike
3-2: Fly out, F3 (Line Drive, 3, EV 63.8 MPH)
Top of the 9th over - 0 runs, 2 hits, 0 errors, 2 left on base; Lane Cove 0 - Hurstville 1
Monday, May 6th , 2024 - OOTP Baseball 24.9 Build 80